 Dungeon Crawl Stone Soup version 0.17.1-1-g73c8601 (webtiles) character file.

3803 demorobin the Carver (level 9, -4/52 HPs)
             Began as a Deep Elf Skald on Dec 12, 2015.
             Was an Initiate of Gozag.
             Slain by an elephant (16 damage)
             ... on level 9 of the Dungeon.
             The game lasted 01:02:26 (9711 turns).

demorobin the Carver (Deep Elf Skald)               Turns: 9711, Time: 01:02:26

Health: -4/52      AC:  4    Str: 16    XL:     9   Next: 96%
Magic:  12/15      EV: 14    Int: 18    God:    Gozag
Gold:   347        SH:  0    Dex: 11    Spells: 6 memorised, 1 level left

rFire  . . .     SeeInvis .     a - +5 rapier of Cobwebs {elec, MR+ Str+4 Dex-3}
rCold  . . .     Clarity  .     b - +0 leather armour
rNeg   . . .     SustAt   .     (no shield)
rPois  .         Gourm    .     (no helmet)
rElec  .         Spirit   .     e - +0 cloak
rCorr  .         Warding  .     (no gloves)
rMut   .         Stasis   .     (no boots)
MR     +....                    (no amulet)
Stlth  +.........               (no ring)
                                s - ring of wizardry

@: somewhat resistant to hostile enchantments, very unstealthy
A: no striking features
a: Potion Petition, Call Merchant, Bribe Branch, Renounce Religion


You were on level 9 of the Dungeon.
You worshipped Gozag.
Gozag was noncommittal.
You were not hungry.

You visited 1 branch of the dungeon, and saw 9 of its levels.
You also visited: Ossuary.

You collected 1401 gold pieces.
You spent 582 gold pieces at shops.
You paid 472 gold pieces to Gozag.

Inventory:

Hand Weapons
 a - the +5 rapier of Cobwebs (weapon) {elec, MR+ Str+4 Dex-3}
   (You bought it in a shop on level 7 of the Dungeon)

   Occasionally, upon striking a foe, it will discharge some electrical energy
   and cause terrible harm.
   It affects your strength (+4).
   It affects your dexterity (-3).
   It affects your resistance to hostile enchantments.
 g - a +0 hunting sling
 n - a +0 falchion
 D - a +0 blowgun
Missiles
 h - 72 stones
 p - 43 sling bullets
 t - 4 tomahawks
 z - 3 javelins (quivered)
Armour
 b - a +0 leather armour (worn)
 e - a +0 cloak (worn)
 B - a +0 pair of boots
Jewellery
 s - a ring of wizardry (left hand)
 L - an uncursed ring of fire
 S - an uncursed ring of flight
Wands
 o - a wand of confusion (17)
 v - a wand of magic darts (4)
 E - a wand of draining (3)
Scrolls
 l - 8 scrolls of remove curse
 x - a scroll of amnesia
 y - a scroll of immolation
 A - 2 scrolls of magic mapping
 G - a scroll of enchant armour {unknown}
 H - 2 scrolls of random uselessness
 J - a scroll of enchant weapon {unknown}
 M - a scroll of teleportation {unknown}
 O - 2 scrolls of fear {unknown}
 Q - a scroll of noise {unknown}
 R - a scroll of recharging
Potions
 f - 3 potions of ambrosia
 i - 2 potions of flight
 k - 3 potions of brilliance
 m - 4 potions of curing
 r - 2 potions of magic
 I - a potion of resistance {unknown}
 K - 3 potions of might
 N - a potion of agility
Books
 c - a book of Battle

   Spells                             Type                      Level
   a - Infusion                       Charms                       1
   b - Shroud of Golubria             Charms/Translocation         2
   c - Song of Slaying                Charms                       2
   d - Spectral Weapon                Hexes/Charms                 3
   e - Regeneration                   Charms/Necromancy            3
 w - a book of Minor Magic

   Spells                             Type                      Level
   a - Magic Dart                     Conjuration                  1
   b - Blink                          Translocation                2
   c - Call Imp                       Summoning                    2
   d - Repel Missiles                 Charms/Air                   2
   e - Slow                           Hexes                        2
   f - Conjure Flame                  Conjuration/Fire             3
   g - Mephitic Cloud                 Conjuration/Poison/Air       3
Comestibles
 d - a bread ration
 j - 4 meat rations


   Skills:
 + Level 4.2 Fighting
 + Level 9.4 Long Blades
 + Level 3.8 Armour
 - Level 6.8 Dodging
 - Level 3.0 Spellcasting
 - Level 1.3 Hexes
 - Level 5.1 Charms
 - Level 2.4 Translocations
 - Level 1.5 Air Magic
 * Level 3.5 Evocations


You had one spell level left.
You knew the following spells:

 Your Spells              Type           Power        Failure   Level  Hunger
a - Infusion              Chrm           ###...       1%          1    None
b - Regeneration          Chrm/Necr      ##........   10%         3    ###....
c - Spectral Weapon       Hex/Chrm       ##......     7%          3    ###....
d - Shroud of Golubria    Chrm/Tloc      ###.......   3%          2    ##.....
e - Repel Missiles        Chrm/Air       ##....       4%          2    ##.....
f - Blink                 Tloc           N/A          4%          2    ##.....


Dungeon Overview and Level Annotations

Branches:
Dungeon (9/15)             Temple (0/1) D:7            Lair (0/8) D:9
    Orc: D:9-12

Altars:
Ashenzari
Cheibriados
Dithmenos
Gozag
Ru
Trog
Xom
Zin
The Shining One

Shops:
D:5 %[%   D:7 (   D:9 [

Annotations:
D:6 !grinder, exclusion: downstairs, Grinder
D:7 exclusion: upstairs
D:8 Joseph


Message History

The ogre hits your spectral weapon with a giant club!
Your spectral weapon shares its damage with you!
The elephant tramples your spectral weapon.
Your spectral weapon is shoved backwards!
Your spectral weapon fades away.
The ogre shouts!
The elephant trumpets!
You hit the ogre but do no damage.
The ogre is almost dead.
The ogre hits you with a giant club!
* * * LOW HITPOINT WARNING * * *
Casting: Spectral Weapon
Confirm with . or Enter, or press ? or * to list all spells.
You blink.
There is an open door here.
The elephant barely misses you.
The elephant trunk-slaps you but does no damage.
There is a shimmering altar of Xom here.
You open the door. The elephant tramples you!
You die...
Your body crumbles into a pile of gold.

$ .# .# ##########
.# .........# .#
.........# ##.#
.........# #..
.........# #####'###
.........###.###@###
.........'...###Y###
......<..######.O.##
#....Y #.#......#
###.### ......
.∩..>##### ###.###
#...O.t #.#######
###'### ...Y.>.
........# #....#
##..... .)......#
#....# #..O. ..
........# #....#
#..# .P


You could see an elephant and an ogre.

Vanquished Creatures
  Pikel (D:8)
  3 ogres
  A sky beast (D:7)
  A phantom (D:8)
  3 ice beasts
  3 orc warriors
  A centaur (D:4)
  3 necrophages (D:7)
  A giant frog (D:6)
  12 scorpions
  A wyvern skeleton (D:7)
  2 wights (D:7)
  3 crimson imps
  A centaur zombie (Ossuary)
  5 hounds
  5 human zombies (Ossuary)
  3 orc priests
  5 orc wizards
  A jelly (D:9)
  2 giant frog skeletons
  An iguana (D:5)
  A worker ant (D:7)
  Jessica (D:2)
  A killer bee zombie (D:8)
  A big kobold zombie (Ossuary)
  3 mummies (Ossuary)
  A worker ant zombie (D:9)
  4 gnolls (D:5)
  4 scorpion zombies (Ossuary)
  12 adders
  2 oozes (D:2)
  2 adder zombies
  An adder skeleton (D:7)
  A worm (D:3)
  4 giant geckos
  20 orcs
  A ball python (D:3)
  2 giant cockroaches (D:1)
  2 gnoll zombies (Ossuary)
  10 hobgoblins
  6 kobolds
  A quokka (D:3)
  6 bats
  9 giant newts
  7 goblins
  A goblin zombie (Ossuary)
  2 hobgoblin zombies (Ossuary)
  14 jackals
  A jackal zombie (D:6)
  3 kobold zombies (Ossuary)
  2 orc zombies (Ossuary)
  A quokka zombie (D:6)
  10 rats
194 creatures vanquished.

Vanquished Creatures (others)
  A hungry ghost (D:8)
  2 slaves (D:8)
  A scorpion (Ossuary)
  A crimson imp (D:8)
  2 orcs (D:8)
  2 spectral weapons
9 creatures vanquished.

Grand Total: 203 creatures vanquished

Notes
Turn   | Place    | Note
--------------------------------------------------------------
     0 | D:1      | demorobin the Deep Elf Skald began the quest for the Orb.
     0 | D:1      | Reached XP level 1. HP: 12/12 MP: 6/6
   347 | D:1      | Reached XP level 2. HP: 14/16 MP: 2/8
   607 | D:1      | ...
   611 | D:1      | Reached XP level 3. HP: 20/20 MP: 6/9
   616 | D:1      | Learned a level 3 spell: Regeneration
   620 | D:1      | Learned a level 3 spell: Spectral Weapon
  1161 | D:2      | Noticed Jessica
  1258 | D:2      | Reached skill level 5 in Charms
  1467 | D:2      | Found a snail-covered altar of Cheibriados.
  1590 | D:2      | Killed Jessica
  1590 | D:2      | Reached skill level 1 in Hexes
  1590 | D:2      | Reached XP level 4. HP: 12/25 MP: 4/10
  1683 | D:2      | Found an opulent altar of Gozag.
  1703 | D:2      | Became a worshipper of Gozag Ym Sagoz the Greedy
  1964 | D:2      | Learned a level 2 spell: Shroud of Golubria
  2148 | D:3      | Found a faded altar to an unknown god.
  2184 | D:3      | Noticed an ice beast
  2544 | D:4      | Noticed a centaur
  2552 | D:4      | Killed a centaur
  2552 | D:4      | Reached skill level 1 in Translocations
  2552 | D:4      | Reached XP level 5. HP: 8/29 MP: 3/11
  3013 | D:4      | Found a shattered altar of Ashenzari.
  3022 | D:4      | Reached XP level 6. HP: 22/34 MP: 5/12
  3128 | D:4      | Learned a level 2 spell: Repel Missiles
  3308 | D:4      | Noticed an ogre
  3501 | D:4      | Reached skill level 5 in Long Blades
  3765 | D:3      | Found a glowing golden altar of the Shining One.
  3881 | D:4      | Killed an ogre
  3881 | D:4      | Reached skill level 1 in Air Magic
  4141 | D:5      | Entered Level 5 of the Dungeon
  4141 | D:5      | Found Miuttywn's Food Shoppe.
  4164 | D:5      | Found Zuuk's Armour Boutique.
  4200 | D:5      | Found a sand-covered staircase.
  4208 | Ossuary  | Entered an ossuary
  4586 | Ossuary  | Reached skill level 6 in Long Blades
  4586 | Ossuary  | Reached XP level 7. HP: 24/38 MP: 10/13
  5140 | Ossuary  | Reached skill level 7 in Long Blades
  5622 | Ossuary  | Reached XP level 8. HP: 43/43 MP: 14/14
  5815 | D:5      | Found Oluhas's Food Emporium.
  6009 | D:5      | Found a sacrificial altar of Ru.
  6121 | D:5      | Learned a level 2 spell: Blink
  6242 | D:5      | Reached skill level 8 in Long Blades
  6576 | D:3      | Found a shadowy altar of Dithmenos.
  6859 | D:3      | Killed an ice beast
  6859 | D:3      | Reached skill level 5 in Dodging
  6859 | D:3      | Reached skill level 1 in Evocations
  6994 | D:3      | Found a bloodstained altar of Trog.
  7306 | D:6      | Found a glowing silver altar of Zin.
  7377 | D:6      | Noticed Grinder
  7378 | D:6      | Paralysed by Grinder for 5 turns
  7451 | D:5      | Bought a beef jerky for 18 gold pieces
  7451 | D:5      | Bought a slice of pizza for 18 gold pieces
  7623 | D:7      | Reached skill level 1 in Armour
  7693 | D:7      | Found a staircase to the Ecumenical Temple.
  7712 | D:7      | Reached XP level 9. HP: 45/47 MP: 11/15
  8132 | D:7      | Bought the +5 rapier of Cobwebs {elec, MR+ Str+4 Dex-3} for 546 gold pieces
  8481 | D:7      | Reached skill level 9 in Long Blades
  8607 | D:8      | Noticed Pikel
  8624 | D:8      | Killed Pikel
  8828 | D:8      | Noticed Joseph
  9008 | D:8      | oh shiii
  9496 | D:9      | Found Ithracab's Armour Shoppe.
  9627 | D:9      | Found a shimmering altar of Xom.
  9673 | D:9      | Found a staircase to the Lair.
  9673 | D:9      | Noticed an elephant
  9711 | D:9      | Slain by an elephant

Action                   |  1- 3 |  4- 6 |  7- 9 || total
-------------------------+-------+-------+-------++-------
Melee: Falchion          |    82 |   133 |   231 ||   446
       Rapier            |       |       |   123 ||   123
 Fire: Shortbow          |       |     2 |       ||     2
       Blowgun           |       |     5 |    36 ||    41
Throw: Stone             |    24 |    12 |     9 ||    45
       Javelin           |       |     3 |    36 ||    39
       Tomahawk          |       |       |     4 ||     4
 Cast: Infusion          |    17 |    15 |    20 ||    52
       Spectral Weapon   |     3 |    11 |    29 ||    43
       Regeneration      |       |     7 |    12 ||    19
       Shroud of Golubri |       |     1 |       ||     1
       Repel Missiles    |       |     1 |       ||     1
       Blink             |       |       |     5 ||     5
Invok: Call Merchant     |       |       |     1 ||     1
Evoke: Wand              |       |     4 |    14 ||    18
  Use: Scroll            |       |     9 |     9 ||    18
       Potion            |       |       |     3 ||     3
 Stab: Sleeping          |       |       |     5 ||     5
       Distracted        |       |       |     1 ||     1
  Eat: Chunk             |     2 |     1 |       ||     3
       Fruit             |       |    10 |     1 ||    11
       Bread ration      |       |     1 |     4 ||     5
       Beef jerky        |       |       |     2 ||     2
       Pizza             |       |       |     1 ||     1
